 Dungeon Crawl Stone Soup version 0.23.1-37-gaa34b87 (webtiles) character file.

Game seed: 3918076600207891554

53 vishdafish the Stinger (level 3, -7/21 HPs)
             Began as an Octopode Venom Mage on Mar 20, 2019.
             Was an Initiate of Vehumet.
             Mangled by an orc
             ... wielding a +0 flail
              (11 damage)
             ... on level 2 of the Dungeon.
             The game lasted 00:02:41 (1398 turns).

vishdafish the Stinger (Octopode Venom Mage)        Turns: 1398, Time: 00:02:41

Health: -7/21      AC:  1    Str:  8    XL:     3   Next: 87%
Magic:  4/6        EV: 13    Int: 17    God:    Vehumet [......]
Gold:   57         SH:  0    Dex: 12    Spells: 5/7 levels left

rFire    . . .     SeeInvis .   h - +0 hand axe
rCold    . . .     Gourm    .   (no shield)
rNeg     . . .     Faith    .   (helmet restricted)
rPois    .         Spirit   .   (no amulet)
rElec    .         Reflect  .   (no ring)
rCorr    .         Harm     .   (no ring)
MR       .....                  (no ring)
Stlth    +++.......             (no ring)
HPRegen  0.07/turn              (no ring)
MPRegen  0.10/turn              (no ring)
                                (no ring)
                                (no ring)

@: confusing touch, very slightly contaminated
A: almost no armour, stealthy swim, amphibious, 8 rings, constrict 8, camouflage
1, gelatinous body 1
a: Renounce Religion


You were on level 2 of the Dungeon.
You worshipped Vehumet.
Vehumet was noncommittal.
You were hungry.

You visited 1 branch of the dungeon, and saw 2 of its levels.

You collected 57 gold pieces.

Inventory:

Hand Weapons
 h - a +0 hand axe (weapon)
Scrolls
 a - 4 scrolls of identify {unknown}
 c - a scroll of amnesia {unknown}
 f - a scroll of remove curse {unknown}
Potions
 d - a potion of invisibility {unknown}
 e - 2 potions of mutation {unknown}
 g - a potion of haste {unknown}
Comestibles
 b - 4 rations


   Skills:
 - Level 2.0 Dodging
 - Level 2.6 Stealth
 + Level 2.6 Spellcasting
 + Level 2.1 Conjurations
 + Level 4.5 Poison Magic


You had 5 spell levels left.
You knew the following spells:

 Your Spells              Type           Power        Failure   Level  Hunger
a - Sting                 Conj/Pois      ##..         4%          1    #......
b - Confusing Touch       Hex            #.....       19%         1    #......

Your spell library contained the following spells:

 Spells                   Type           Power        Failure   Level  Hunger
 Poisonous Vapours        Pois/Air       #.....       11%         2    ##.....
 Animate Skeleton         Necr           N/A          19%         1    #......
 Apportation              Tloc           #.....       19%         1    #......
 Summon Small Mammal      Summ           #...         19%         1    #......
 Mephitic Cloud           Conj/Pois/Air  #.......     22%         3    ###....
 Olgreb's Toxic Radiance  Pois           ###.....     28%         4    #####..
 Venom Bolt               Conj/Pois      ##........   78%         5    ######.


Dungeon Overview and Level Annotations

Branches:
Dungeon (2/15)

Altars:
Fedhas
Vehumet


Innate Abilities, Weirdness & Mutations

You cannot wear most types of armour.
You are very stealthy in the water. (Stealth+)
You are amphibious.
You can wear up to eight rings at the same time.
You can use your tentacles to constrict eight enemies at once.
Your skin changes colour to match your surroundings (Stealth+).
Your rubbery body absorbs attacks. (AC +1, EV +1)


Message History

h - a +0 hand axe (weapon)
The orc throws a tomahawk of returning.
The tomahawk of returning closely misses you.
The weapon returns to the orc!
You hit the orc but do no damage. You grab the orc. You constrict the orc.
The orc hits you with a +0 flail!
* * * LOW HITPOINT WARNING * * *
Casting: Confusing Touch (safe; 19% risk of failure)
Confirm with . or Enter, or press ? or * to list all spells.
You miscast Confusing Touch.
You are very lightly contaminated with residual magic.
You feel a bit tired.
You constrict the orc. The orc misses you.
Unknown command.
Casting: Confusing Touch (safe; 19% risk of failure)
Confirm with . or Enter, or press ? or * to list all spells.
Your tentacles begin to glow red.
You constrict the orc, but do no damage.
The orc hits you with a +0 flail!
Ouch! That really hurt!
You die...

######## ####.. #......#
###### #..... #.....###
##....####.... #....##.##
#.8..8.# ##... #...##...#
#.)....# ##.. #..####.##
##.(..## ##.
#.#####'######.##.# ####
##.##8#.8.#8#.##''##.###...
#†.'...#.#@o.#..o...# +.###
#..##8#.8.#8#.##''##.###...
#..############.##.# # ####
#...## #..$.# ##. #....##
....o.# ##.. #.....##
#.8Ko8$# ##... #......##
##..%.####.... #.......#
###### #..... #.#######
##.#..#


You could see an orc.

Vanquished Creatures
  An adder (D:2)
  An ooze (D:2)
  A worm (D:2)
  A dart slug (D:1)
  A leopard gecko (D:1)
  2 orcs (D:2)
  3 bats (D:2)
  9 goblins
  A hobgoblin (D:2)
  2 jackals (D:2)
  4 kobolds (D:1)
  A frilled lizard (D:1)
  2 rats
29 creatures vanquished.

Notes
Turn   | Place    | Note
-------+----------+-------------------------------------------
     0 | D:1      | vishdafish the Octopode Venom Mage began the quest for the
                  | Orb.
     0 | D:1      | Reached XP level 1. HP: 11/11 MP: 3/3
   233 | D:1      | Reached skill level 4 in Poison Magic
   233 | D:1      | Reached XP level 2. HP: 17/17 MP: 5/5
   836 | D:2      | Found a radiant altar of Vehumet.
   886 | D:2      | Became a worshipper of Vehumet
   944 | D:2      | Reached XP level 3. HP: 21/21 MP: 0/6
  1105 | D:2      | Learned a level 1 spell: Confusing Touch
  1131 | D:2      | Found a blossoming altar of Fedhas.
  1398 | D:2      | Mangled by an orc

Skill      XL: |  1  2  3 |
---------------+----------+-----
Poison Magic   | 4 |  4.5
Conjurations   | 2 |  2.1
Dodging        | |  2.0
Stealth        | |  2.6
Spellcasting   | |  2.6

Action                   || total
-------------------------++-------
Melee: Unarmed           ||    70
       Constrict         ||    22
       Tentacles         ||    14
       Hand axe          ||     1
 Cast: Sting             ||    14
       Confusing Touch   ||     2
 Stab: Sleeping          ||     5
  Eat: Chunk             ||     1
Armor: Skin              ||    13
Dodge: Dodged            ||    42
